 Dungeon Crawl Stone Soup version 0.25.1-2-g60ff931df9 (webtiles) character file.

Game seed: 5239651397043812619

49 snilloc10 the Skirmisher (level 3, -4/33 HPs)
             Began as a Draconian Berserker on Dec 3, 2020.
             Was a Believer of Trog.
             Slain by a goblin
             ... wielding a +0 club
             ... led by Robin
              (5 damage)
             ... on level 2 of the Dungeon.
             The game lasted 00:07:04 (1658 turns).

snilloc10 the Skirmisher (Draconian Berserker)      Turns: 1658, Time: 00:07:04

Health: -4/33      AC:  5    Str: 19    XL:     3   Next: 53%
Magic:  3/3        EV:  9    Int:  8    God:    Trog [**....]
Gold:   37         SH:  7    Dex: 10    Spells: 2/2 levels left

rFire    . . .     SeeInvis .   a - +0 spear
rCold    . . .     Gourm    .   n - +0 kite shield
rNeg     . . .     Faith    .   (armour unavailable)
rPois    +         Spirit   .   (helmet restricted)
rElec    .         Reflect  .   (no cloak)
rCorr    .         Harm     .   (no gloves)
MR       .....                  (no boots)
Stlth    +.........             k - amulet of magic regeneration
HPRegen  0.11/turn              i - ring of poison resistance
MPRegen  0.33/turn              (no ring)

@: about to teleport, flying
A: unfitting armour, cold-blooded, AC +5
a: Berserk, Trog's Hand, Renounce Religion


You were on level 2 of the Dungeon.
You worshipped Trog.
Trog was pleased with you.
You were not hungry.

You visited 1 branch of the dungeon, and saw 2 of its levels.

You collected 37 gold pieces.

Inventory:

Hand Weapons
 a - a +0 spear (weapon)
Missiles
 l - 6 boomerangs (quivered)
Armour
 m - a +0 robe
 n - a +0 kite shield (worn)
 o - a +0 ring mail
Jewellery
 i - a ring of poison resistance (left hand)
 k - an amulet of magic regeneration (around neck)
Scrolls
 d - 3 scrolls of remove curse
 j - a scroll of fog {unknown}
Potions
 e - a potion of might {unknown}
 f - a potion of cancellation {unknown}
 g - a potion of berserk rage {unknown}
Comestibles
 b - 2 rations


   Skills:
 + Level 4.1 Fighting
 + Level 4.0 Polearms
 - Level 2.7 Dodging


You had 2 spell levels left.
You didn't know any spells.
Your spell library was empty.

Dungeon Overview and Level Annotations

Branches:
Dungeon (2/15)

Altars:

Annotations:
D:2 Robin


Innate Abilities, Weirdness & Mutations

Your plain brown scales are hard. (AC +5)
You cannot fit into any form of body armour.
You are cold-blooded and may be slowed by cold attacks.


Message History

* * * LOW HITPOINT WARNING * * *
It was a potion of flight.
You feel very buoyant.
You fly up into the air.
The goblin hits you with a +0 club.
* * * LOW HITPOINT WARNING * * *
The goblin hits you but does no damage.
You barely miss the goblin.
The goblin no longer looks unusually strong.
You block the goblin's attack. The goblin hits you with a +0 club.
* * * LOW HITPOINT WARNING * * *
As you read the scroll labeled XEEQACLOHASH, it crumbles to dust.
You feel blessed for a moment.
It was a scroll of remove curse.
The goblin no longer looks unusually strong. x2
You block the goblin's attack. The goblin closely misses you.
Unknown command.
As you read the scroll labeled VOOTAXI KIFAXYFRO, it crumbles to dust.
You feel strangely unstable.
It was a scroll of teleportation.
The goblin no longer looks unusually strong.
You block the goblin's attack. The goblin hits you with a +0 club.
You die...

### ### ####.. ..#
..##.###########.#
..##.#.........#.#
..##.#...#####.#.#
..##.#...# #.#.#
.......### #.#g#
..##...# #<#@#
..##.#.#########g###...
...............ggg.g....
####.##.########g###..%#
#.##..# #g# .# #.###.#
... .. ..# #.## ...g
########..# .....
..........## ##+####


You could see Robin and 6 goblins.

Vanquished Creatures
  A worm (D:2)
  A leopard gecko (D:1)
  A giant cockroach (D:2)
  8 goblins
  5 hobgoblins
  2 jackals (D:1)
  3 quokkas (D:2)
  A ball python (D:1)
  5 bats
  3 frilled lizards
  9 kobolds
  5 rats
44 creatures vanquished.

Notes
Turn   | Place    | Note
-------+----------+-------------------------------------------
     0 | D:1      | snilloc10 the Draconian Berserker began the quest for the
                  | Orb.
     0 | D:1      | Reached XP level 1. HP: 19/19 MP: 1/1
   394 | D:1      | Reached XP level 2. HP: 26/26 MP: 2/2
   995 | D:2      | Reached XP level 3. HP: 30/33 MP: 3/3
  1022 | D:2      | Reached ** piety under Trog
  1640 | D:2      | Noticed Robin
  1656 | D:2      | HP: 1/33 [goblin/+0 club[Robin] (6)]
  1658 | D:2      | Slain by a goblin

Illustrated notes

Levels and vault maps discovered:
D:1:      dpeg_arrival_round_c, layout_rooms, kennysheep_small_spiral,
          minmay_tromino_i4
D:2:      layout_basic, gammafunk_temple_overflow_elements,
          minmay_misc_feat_cross, uniq_robin

Skill      XL: |  1  2  3 |
---------------+----------+-----
Fighting       | 4 |  4.1
Polearms       | 4 |  4.0
Dodging        | |  2.7

Action                   || total
-------------------------++-------
Melee: Spear             ||   142
       Tailslap          ||     8
  Use: Scroll            ||     4
       Potion            ||     2
 Stab: Sleeping          ||     1
  Eat: Chunk             ||     2
Armor: Skin              ||    39
Dodge: Dodged            ||    59
Block: Kite shield       ||    28
